 Dungeon Crawl Stone Soup version 0.25-a0-942-g87a53962fc (webtiles) character file.

Game seed: 2026178151371323219, levelgen mode: deterministic

18393 Rinazan the Geomancer (level 12, -6/72 HPs)
             Began as a Gargoyle Earth Elementalist on May 7, 2020.
             Was a High Priest of Vehumet.
             Killed from afar by Azrael (46 damage)
             ... with damnation
             ... on level 12 of the Dungeon.
             The game lasted 00:34:22 (14703 turns).

Rinazan the Geomancer (GrEE)                       Turns: 14703, Time: 00:34:22

Health: -6/72      AC: 23    Str: 12    XL:     12   Next: 58%
Magic:  1/23       EV: 14    Int: 24    God:    Vehumet [*****.]
Gold:   925        SH:  0    Dex: 10    Spells: 6/26 levels left

rFire    . . .     SeeInvis .   y - +1 dagger (drain)
rCold    . . .     Gourm    .   (no shield)
rNeg     + . .     Faith    .   t - +3 steam dragon scales
rPois    ∞         Spirit   .   w - +0 helmet
rElec    +         Reflect  .   J - +0 cloak
rCorr    .         Harm     .   c - +0 pair of gloves
MR       +....     Clarity  +   e - +0 pair of boots
Stlth    ++........             (no amulet)
HPRegen  0.00/turn              C - ring of protection from magic
MPRegen  0.18/turn              F - +3 ring of intelligence

@: very slightly contaminated, invisible
A: clarity, negative energy resistance 1, electricity resistance, inhibited
regeneration, unbreathing, petrification resistance, rot immunity, MP-powered
wands, AC +8
a: Renounce Religion


You were on level 12 of the Dungeon.
You worshipped Vehumet.
Vehumet was extremely pleased with you.
You were very hungry.

You visited 2 branches of the dungeon, and saw 13 of its levels.
You also visited: Sewer.

You collected 925 gold pieces.

Inventory:

Hand Weapons
 v - a +0 dire flail of protection
 y - a +1 dagger of draining (weapon)
 B - a +0 morningstar
Missiles
 b - 3 stones (quivered)
Armour
 c - a +0 pair of gloves (worn)
 e - a +0 pair of boots (worn)
 t - +3 steam dragon scales (worn)
 w - a +0 helmet (worn)
 J - a +0 cloak (worn)
Jewellery
 f - an uncursed ring of stealth
 q - an uncursed amulet of faith
 C - a ring of protection from magic (left hand)
 F - a +3 ring of intelligence (right hand)
Wands
 G - a wand of iceblast (5)
 H - a wand of paralysis (13)
Scrolls
 a - 3 scrolls of teleportation
 g - 5 scrolls of fear
 h - 2 scrolls of holy word
 j - a scroll of amnesia
 n - a scroll of remove curse
 o - a scroll of identify
 p - 7 scrolls of fog
 x - a scroll of immolation
 D - 3 scrolls of enchant weapon
Potions
 i - a potion of magic
 k - 4 potions of brilliance
 l - a potion of stabbing
 m - a potion of flight
 r - a potion of invisibility
 s - a potion of curing
 u - a potion of ambrosia
 z - 2 potions of lignification
 E - a potion of haste
 I - a potion of berserk rage
Comestibles
 d - 21 rations
 A - 4 chunks of flesh


   Skills:
 + Level 7.4 Fighting
 + Level 6.7 Maces & Flails
 - Level 6.0 Armour
 + Level 5.9 Dodging
 - Level 2.1 Stealth
 + Level 7.9 Spellcasting
 + Level 8.7 Conjurations
   Level 0.7 Transmutations
 * Level 4.4 Fire Magic
 + Level 10.4 Earth Magic
 + Level 4.6 Evocations


You had 6 spell levels left.
You knew the following spells:

 Your Spells              Type           Power        Failure   Level  Hunger
a - Sandblast             Erth           ######       1%          1    None
b - Stone Arrow           Conj/Erth      ######       1%          3    None
c - Lee's Rapid Deconstr  Erth           ######....   1%          5    #####..
d - Fireball              Conj/Fire      #####.....   3%          5    #####..
e - Starburst             Conj/Fire      #####.....   17%         6    ######.

Your spell library contained the following spells:

 Spells                   Type           Power        Failure   Level  Hunger
 Shock                    Conj/Air       ####         1%          1    None
 Passwall                 Tmut/Erth      #####...     1%          2    None
 Static Discharge         Conj/Air       ####....     1%          3    None
 Petrify                  Tmut/Erth      #####...     6%          4    ##.....
 Summon Butterflies       Summ           #.......     7%          1    None
 Lightning Bolt           Conj/Air       ####......   9%          5    #####..
 Swiftness                Chrm/Air       #.......     10%         2    None
 Airstrike                Air            #.........   17%         4    ##.....
 Call Canine Familiar     Summ           #.......     21%         3    None
 Confusing Touch          Hex            #.......     21%         3    None
 Gell's Gravitas          Tloc           #.........   21%         3    None
 Yara's Violent Unravell  Hex/Tmut       ##........   36%         5    #####..
 Summon Ice Beast         Ice/Summ       #.......     54%         4    ##.....
 Metabolic Englaciation   Hex/Ice        #.........   88%         5    #####..
 Summon Mana Viper        Hex/Summ       #.......     88%         5    #####..
 Summon Hydra             Summ           #.........   100%        7    #######


Dungeon Overview and Level Annotations

Branches:
Dungeon (12/15)            Temple (1/1) D:6            Lair (0/6) D:9
    Orc (0/2) D:12          Sewer (visited)

Altars:
Ashenzari
Cheibriados
Dithmenos
Hepliaklqana
Makhleb
Nemelex Xobeh
Okawaru
Ru
Vehumet

Shops:
D:4 (

Annotations:
D:8 3 runed translucent doors, Zajic's ghost, novice MiBe
D:12 Azrael


Innate Abilities, Weirdness & Mutations

You are resistant to torment.
Your stone body is resilient. (AC +8)
You are immune to poison.
You resist negative energy. (rN+)
You are resistant to electric shocks. (rElec)
You can survive without breathing.
You are immune to petrification.
You are immune to rotting.
You possess an exceptional clarity of mind.
You do not regenerate when monsters are visible.
You expend magic power (3 MP) to strengthen your wands.


Message History

Casting: Lee's Rapid Deconstruction (dangerous; 1% risk of failure)
Confirm with . or Enter, or press ? or * to list all spells.
Aiming: Lee's Rapid Deconstruction (dangerous; 1% risk of failure)
Press: ? - help, Dir - move target cursor A rock wall.
The wall shatters!
The blast of rock fragments hits the gargoyle!
You destroy the gargoyle!
Vehumet accepts your kill.
The blast of rock fragments hits Azrael!!
Azrael is severely wounded.
The blast of rock fragments hits the hell hound but does no damage.
The hell hound breathes flames at you.
The blast of flame hits you but does no damage.
Azrael gestures at you.
The sphere of damnation explodes!
The damnation engulfs the hell hound!!!
The hell hound dies!
The damnation engulfs you!!!
Ouch! That really hurt!
You die...

.................#.....#>.
.......○<........#.....'..
.........)##.....##....#.#
########.°h#########...##.#
#.....####R# #...##.#
#......'...# #....#.'
#......#...# #....#.'
#......#..$# #....###
##'#####..@# #....# #
#....####'## ###'####
#........... #...##..
#........... #....#..
#........... #....#..
#...........# #....'..
#...###..#### ##..###.
#...###..############..####
#.........'....#....'...#..


You could see Azrael and a hell hound.

Vanquished Creatures
  2 two-headed ogres
  An unseen horror (D:11)
  A deep elf mage (D:12)
  2 ugly things
  A cyclops (D:12)
  Maurice (D:12)
  2 gargoyles (D:12)
  Maggie (D:7)
  A kobold demonologist (D:6)
  The ghost of harlaan the Magician, a novice DESu of Sif Muna (D:6)
  3 trolls
  A hornet (D:10)
  3 hippogriffs
  A wraith (D:11)
  Sigmund (D:6)
  16 yaks
  A wyvern (D:12)
  5 fire elementals (D:12)
  2 basilisks (D:9)
  2 steam dragons
  A hungry ghost (D:9)
  A hell hound (D:12)
  3 water moccasins
  3 porcupines (D:9)
  3 orc warriors
  4 ice beasts
  A black bear (D:7)
  2 sky beasts
  2 phantoms
  4 wolves (D:9)
  5 centaurs
  An eye of draining (D:9)
  9 ogres
  2 crocodiles (D:9)
  13 big kobolds
  4 bullfrogs
  A wyvern zombie (D:12)
  5 scorpions
  A water moccasin skeleton (D:7)
  8 killer bees
  2 electric eels (D:10)
  2 howler monkeys
  13 wights
  2 crimson imps
  A centaur zombie (D:6)
  2 quasits
  5 jellies
  A bullfrog skeleton (D:8)
  6 orc priests
  11 hounds
  7 orc wizards
  3 iguanas
  11 worker ants
  A bullfrog simulacrum (D:10)
  A hound zombie (D:6)
  14 adders
  3 gnolls (D:7)
  2 howler monkey skeletons
  4 river rats (Sewer)
  2 shadow imps
  A worker ant simulacrum (D:10)
  An ufetubus (D:10)
  9 oozes
  3 adder skeletons
  4 worms
  3 dart slugs
  8 leopard geckos
  50 orcs
  5 bats
  3 giant cockroaches
  15 goblins
  10 hobgoblins
  15 jackals
  13 kobolds
  2 quokkas
  14 ball pythons
  5 frilled lizards
  A giant cockroach zombie (D:6)
  2 leopard gecko zombies
  29 rats
407 creatures vanquished.

Vanquished Creatures (others)
  A hell hound (D:12)
  A wight (D:12)
  A fungus (D:6)
  2 plants (D:6)
5 creatures vanquished.

Grand Total: 412 creatures vanquished

Notes
Turn   | Place    | Note
-------+----------+-------------------------------------------
     0 | D:1      | Rinazan the Gargoyle Earth Elementalist began the quest for
                  | the Orb.
     0 | D:1      | Reached XP level 1. HP: 10/10 MP: 3/3
   212 | D:1      | Reached XP level 2. HP: 15/15 MP: 3/5
   222 | D:1      | Reached skill level 4 in Earth Magic
  1092 | D:1      | Reached XP level 3. HP: 19/19 MP: 6/6
  1097 | D:1      | Learned a level 3 spell: Stone Arrow
  1898 | D:2      | Reached skill level 1 in Conjurations
  2179 | D:2      | Reached XP level 4. HP: 24/24 MP: 8/8
  2662 | D:2      | Found a hazy altar of Hepliaklqana.
  2765 | D:3      | Reached skill level 5 in Earth Magic
  2771 | D:3      | Reached XP level 5. HP: 28/28 MP: 4/9
  3346 | D:3      | Found a glowing drain.
  3356 | Sewer    | Entered a sewer
  3593 | Sewer    | Reached XP level 6. HP: 32/32 MP: 11/11
  3879 | Sewer    | Reached skill level 6 in Earth Magic
  4194 | D:3      | Reached XP level 7. HP: 36/36 MP: 9/13
  4201 | D:3      | Learned a level 5 spell: Lee's Rapid Deconstruction
  4944 | D:4      | Found a snail-covered altar of Cheibriados.
  4985 | D:4      | Found Huustoy's Weapon Shoppe.
  5239 | D:5      | Entered Level 5 of the Dungeon
  5515 | D:5      | Found a radiant altar of Vehumet.
  5515 | D:5      | Found a sparkling altar of Nemelex Xobeh.
  5516 | D:5      | Found a burning altar of Makhleb.
  5523 | D:5      | Became a worshipper of Vehumet
  5897 | D:5      | Reached skill level 1 in Armour
  6128 | D:6      | Noticed Sigmund
  6146 | D:6      | Reached skill level 1 in Fighting
  6448 | D:6      | Found a staircase to the Ecumenical Temple.
  6460 | D:6      | Reached skill level 1 in Maces & Flails
  6460 | D:6      | Reached XP level 8. HP: 30/43 MP: 10/15
  6536 | D:6      | Reached skill level 1 in Evocations
  6814 | D:6      | Reached skill level 7 in Earth Magic
  6839 | D:6      | Found a sacrificial altar of Ru.
  6870 | Temple   | Entered the Ecumenical Temple
  6896 | D:6      | Reached skill level 5 in Spellcasting
  6914 | D:6      | Found a shadowy altar of Dithmenos.
  6945 | D:6      | Reached * piety under Vehumet
  6945 | D:6      | Offered knowledge of Foxfire by Vehumet.
  6956 | D:6      | Killed Sigmund
  6956 | D:6      | Reached skill level 5 in Conjurations
  7473 | D:6      | Found a runed translucent gate.
  7473 | D:6      | Found a runed translucent gate.
  7473 | D:6      | Found a runed translucent gate.
  7474 | D:6      | Identified the +9 dagger "Ceohacs" {pain, rC+ Int-5 SInv}
  7477 | D:6      | Noticed harlaan's ghost (novice DESu)
  7478 | D:6      | Noticed a kobold demonologist
  7681 | D:6      | Reached XP level 9. HP: 49/49 MP: 10/17
  7684 | D:6      | Killed a kobold demonologist
  7697 | D:6      | Killed harlaan's ghost
  7705 | D:6      | Reached skill level 8 in Earth Magic
  7825 | D:7      | Found a shattered altar of Ashenzari.
  7891 | D:7      | Noticed Maggie
  7906 | D:7      | Killed Maggie
  7906 | D:7      | Reached XP level 10. HP: 7/57 MP: 8/19
  8463 | D:7      | Offered knowledge of Freeze by Vehumet.
  8776 | D:8      | Reached ** piety under Vehumet
  9607 | D:8      | Found a runed translucent gate.
  9607 | D:8      | Found a runed translucent gate.
  9607 | D:8      | Noticed a nine-headed hydra
  9607 | D:8      | Noticed Zajic's ghost (novice MiBe)
  9608 | D:8      | Found a runed translucent gate.
  9820 | D:9      | Reached skill level 5 in Armour
  9878 | D:9      | Offered knowledge of Dazzling Flash by Vehumet.
  9938 | D:9      | Reached skill level 5 in Fighting
  9958 | D:9      | Reached *** piety under Vehumet
 10003 | D:9      | Reached skill level 9 in Earth Magic
 10271 | D:9      | Reached skill level 5 in Maces & Flails
 10276 | D:9      | Reached XP level 11. HP: 51/64 MP: 17/21
 10304 | D:9      | Offered knowledge of Conjure Flame by Vehumet.
 10542 | D:9      | Found a staircase to the Lair.
 10791 | D:10     | Entered Level 10 of the Dungeon
 10791 | D:10     | Noticed a two-headed ogre
 10796 | D:10     | Killed a two-headed ogre
 11211 | D:10     | Reached **** piety under Vehumet
 11230 | D:10     | Reached skill level 5 in Dodging
 11292 | D:10     | Offered knowledge of Fireball by Vehumet.
 11452 | D:10     | Found an iron altar of Okawaru.
 11570 | D:10     | Gained mutation: You possess an exceptional clarity of
                  | mind. [potion of mutation]
 11570 | D:10     | Gained mutation: You do not regenerate when monsters are
                  | visible. [potion of mutation]
 11570 | D:10     | Gained mutation: You expend magic power (3 MP) to
                  | strengthen your wands. [potion of mutation]
 12172 | D:11     | Learned a level 5 spell: Fireball
 12483 | D:11     | Noticed a purple ugly thing
 12495 | D:11     | Killed a purple ugly thing
 12495 | D:11     | Reached skill level 1 in Fire Magic
 12728 | D:11     | Killed an unseen horror
 12833 | D:11     | Reached ***** piety under Vehumet
 12833 | D:11     | Reached skill level 10 in Earth Magic
 13221 | D:12     | Noticed a two-headed ogre
 13225 | D:12     | Noticed Maurice
 13231 | D:12     | Killed Maurice
 13231 | D:12     | Offered knowledge of Starburst by Vehumet.
 13240 | D:12     | Killed a two-headed ogre
 13240 | D:12     | Reached XP level 12. HP: 64/71 MP: 5/23
 13455 | D:12     | Found a staircase to the Orcish Mines.
 13729 | D:12     | Learned a level 6 spell: Starburst
 13858 | D:12     | Noticed Azrael
 14703 | D:12     | Killed from afar by Azrael

Levels and vault maps discovered:
D:1:      dpeg_arrival_orchard, layout_basic, minmay_tripent
D:2:      layout_basic, marbit_many_paths
D:3:      layout_loops_ring, portal_sewer_entry_f, minmay_three_crescents
D:4:      layout_basic, serial_shops, shop, minmay_misc_feat_pillars,
          cheibriados_altar_1
D:5:      layout_rooms, gammafunk_temple_overflow_claw, first_ration
D:6:      layout_basic, nicolae_dithmenos_shadow_blocks,
          minmay_temple_entry_stoned_glass, basic_altar,
          gammafunk_ghost_nasty_kobolds, uniq_sigmund
D:7:      layout_rooms, nicolae_ashenzari_panopticon, uniq_maggie
D:8:      layout_loops_ring, gammafunk_ghost_hydra_chop
D:9:      layout_cave_pools, minmay_lair_entry_grove,
          hangedman_little_slice_of_home
D:10:     layout_loops_ring, basic_altar, serial_ice, serial_ice_d,
          serial_ice_j, serial_ice_a, serial_ice_b
D:11:     layout_long_grid, minivault_19
D:12:     layout_gridville, hiddenorc1_lemuel, kennysheep_generic_room_15,
          uniq_maurice, uniq_azrael
Temple:   nicolae_temple_elliptical

Skill      XL: |  1  2  3  4  5  6  7  8  9 10 11 12 |
---------------+-------------------------------------+-----
Earth Magic    | 4 5 6 7 8 9 10 | 10.4
Conjurations   | 1 2 3 4 5 6 7 8 |  8.7
Spellcasting   | 3 4 5 6 7 |  7.9
Armour         | 1 2 4 5 6 |  6.0
Fighting       | 1 2 4 5 6 7 |  7.4
Maces & Flails | 1 2 3 5 6 |  6.7
Dodging        | 2 3 4 5 |  5.9
Evocations     | 2 3 4 |  4.6
Fire Magic     | 2 4 |  4.4
Stealth        | |  2.1
Transmutations | |  0.7

Action                   |  1- 3 |  4- 6 |  7- 9 | 10-12 || total
-------------------------+-------+-------+-------+-------++-------
Melee: Unarmed           |     8 |       |       |       ||     8
       Club              |     2 |       |       |       ||     2
       Short sword       |    99 |   129 |    35 |       ||   263
       Dagger            |       |       |   135 |   555 ||   690
 Cast: Sandblast         |    19 |    65 |    64 |   217 ||   365
       Lee's Rapid Decon |       |       |     2 |    45 ||    47
       Stone Arrow       |       |       |     5 |    12 ||    17
Evoke: Wand              |     1 |     4 |    19 |     4 ||    28
  Use: Scroll            |       |    11 |     9 |    13 ||    33
       Potion            |       |     2 |     5 |     5 ||    12
 Stab: Sleeping          |     1 |       |       |     4 ||     5
       Distracted        |       |       |       |     1 ||     1
  Eat: Chunk             |     5 |     6 |    14 |    26 ||    51
       Ration            |       |       |       |     2 ||     2
Armor: Robe              |    41 |    72 |    98 |     1 ||   212
       Steam dragon scal |       |       |       |   322 ||   322
Dodge: Dodged            |    63 |   148 |   141 |   519 ||   871

Table legend:
 A = Non-vault XP
 B = Vault XP
 C = Vault XP percentage of total XP
 D = Non-vault monster count
 E = Vault monster count
 F = Vault count percentage of total count
                 A         B        C        D         E       F
            +---------+---------+-------+---------+---------+-------
      Total |   19829 |    6448 |  24.5 |     282 |     126 |  30.9
            +---------+---------+-------+---------+---------+-------
        D:1 |      38 |       3 |   7.3 |      19 |       2 |   9.5
        D:2 |      53 |      14 |  20.9 |      24 |       1 |   4.0
        D:3 |     156 |      32 |  17.0 |      21 |      10 |  32.3
        D:4 |     198 |       0 |   0.0 |       9 |       0 |   0.0
        D:5 |     267 |       0 |   0.0 |      14 |       0 |   0.0
        D:6 |    1001 |    1953 |  66.1 |      24 |      14 |  36.8
        D:7 |     792 |     379 |  32.4 |      24 |       1 |   4.0
        D:8 |    1687 |       0 |   0.0 |      31 |       0 |   0.0
        D:9 |    1448 |    1685 |  53.8 |      21 |      20 |  48.8
       D:10 |    4178 |     170 |   3.9 |      37 |       4 |   9.8
       D:11 |    2978 |       0 |   0.0 |      28 |       0 |   0.0
       D:12 |    7033 |    1888 |  21.2 |      30 |      26 |  46.4
      Sewer |       0 |     324 | 100.0 |       0 |      48 | 100.0
            +---------+---------+-------+---------+---------+-------
